 Dungeon Crawl Stone Soup version 0.31-a0-145-g046c7d2549 (webtiles) character file.

Game seed: 13447714171099101903

545 Faragor the Magician (level 7, 0/36 HPs)
             Began as a Deep Elf Fire Elementalist on June 6, 2023.
             Slain by Edmund
             ... wielding a +2 flail of protection
              (9 damage)
             ... on level 4 of the Dungeon.
             The game lasted 00:21:03 (9897 turns).

Faragor the Magician (Deep Elf Fire Elementalist)   Turns: 9897, Time: 00:21:04

Health: 0/36       AC:  5    Str:  2 (5)  XL:     7   Next: 6%
Magic:  0/17       EV: 13    Int: 19 (22) God:
Gold:   254        SH:  0    Dex: 10 (12) Spells: 10/16 levels left

rFire   + + +        d - +1 short sword
rCold   x . .        (no shield)
rNeg    + . .        p - +1 robe of the Poles {-Tele +Inv rElec rN+}
rPois   +            (no helmet)
rElec   +            (no cloak)
rCorr   +            (no gloves)
SInv    .            g - +1 pair of boots
Will    .....        (no amulet)
Stlth   +++          l - ring of fire
HPRegen 0.26/turn    h - ring of the Queen {rPois rF++ rCorr Dex-3 Slay+5}
MPRegen 0.15/turn

%: no teleportation
@: no status effects
A: no striking features
a: Evoke Invisibility


You were on level 4 of the Dungeon.
You visited 1 branch of the dungeon, and saw 4 of its levels.

You collected 254 gold pieces.

Inventory:

Hand Weapons
 d - a +1 short sword (weapon)
Missiles
 m - 2 throwing nets
Armour
 a - a +1 robe
 g - a +1 pair of boots (worn)
 p - the +1 robe of the Poles (worn) {-Tele +Inv rElec rN+}
   (You took it off a gnoll on level 3 of the Dungeon)

   rElec:     It insulates you from electricity.
   rN:        It protects you from negative energy.
   +Inv:      It lets you turn invisible.
   -Tele:     It prevents most forms of teleportation.
Jewellery
 h - the ring of the Queen (right hand) {rPois rF++ rCorr Dex-3 Slay+5}
   (You took it off a gnoll on level 3 of the Dungeon)

   [ring of resist corrosion]

   Dex:       It affects your dexterity (-3).
   Slay:      It affects your accuracy & damage with ranged weapons and melee
   (+5).
   rF:        It greatly protects you from fire.
   rPois:     It protects you from poison.
   rCorr:     It protects you from acid and corrosion.
 l - a ring of fire (left hand)
Scrolls
 b - 4 scrolls of identify {unknown}
 c - 2 scrolls of amnesia {unknown}
 e - a scroll of poison
 f - a scroll of blinking {unknown}
 o - a scroll of magic mapping {unknown}
 q - a scroll of teleportation
 r - a scroll of immolation {unknown}
Potions
 i - a potion of mutation {unknown}
 j - a potion of lignification {unknown}
 k - a potion of heal wounds {unknown}


   Skills:
 - Level 4.6 Dodging
 + Level 4.9 Stealth
 + Level 5.3 Spellcasting
 + Level 3.7 Conjurations
 + Level 4.9 Fire Magic


You had 10 spell levels left.
You knew the following spells:

 Your Spells              Type           Power      Damage    Failure   Level
a - Foxfire               Conj/Fire      100%       2x1d9     1%          1
b - Scorch                Fire           70%        2d8       2%          2
c - Volatile Blastmotes   Fire/Tloc      42%        2d13      13%         3

Your spell library contained the following spells:

 Spells                   Type           Power      Damage    Failure   Level
 Inner Flame              Hex/Fire       21%        N/A       13%         3
 Flame Wave               Conj/Fire      32%        2d9       21%         4


Dungeon Overview and Level Annotations

Branches:
Dungeon (4/15)
 Temple: D:4-7

Altars:
Trog
Xom

Shops:
D:1 ==

Annotations:
D:4 Edmund


Message History

Edmund is moderately wounded.
The foxfire hits Edmund but does no damage.
Edmund is moderately wounded.
Casting: Foxfire (safe; 1% risk of failure)
Confirm with . or Enter, or press ? or * to list all spells.
You feel a surge of power!
You conjure some foxfire!
The foxfire hits Edmund but does no damage.
Edmund is moderately wounded.
The foxfire hits Edmund.
Edmund is moderately wounded.
Casting: Foxfire (safe; 1% risk of failure)
Confirm with . or Enter, or press ? or * to list all spells.
Okay, then.
You feel clumsy.
h - the ring of the Queen (right hand) {rPois rF++ rCorr Dex-3 Slay+5} The foxfire hits Edmund but does no damage.
Edmund is moderately wounded.
The foxfire hits Edmund!
Edmund is heavily wounded.
Edmund misses you.
It was a potion of degeneration.
There was something very wrong with that liquid.
You feel weakened.
You feel dopey.
You feel clumsy. Edmund misses you. Edmund barely misses you.
Edmund hits you with a +2 flail of protection!
Edmund hits you with a +2 flail of protection!
Casting: Foxfire (safe; 1% risk of failure)
Confirm with . or Enter, or press ? or * to list all spells.
You feel a surge of power!
You conjure some foxfire!
Edmund hits you with a +2 flail of protection!
* * * LOW HITPOINT WARNING * * *
Unknown command.
Your foxfire dissipates!
The foxfire hits Edmund.
Edmund is severely wounded.
Edmund attacks as you move away! Edmund barely misses you.
Edmund attacks as you move away!
Edmund hits you with a +2 flail of protection!
You die...

### ####
###.########...####
#..........#...#...
#..........#.......
##<.......#........
#........##........
#..................
##..>@@..........#
##..##........>.#
##..#.....#....#
##......###≈≈≈...
#.......##.≈.≈...
##..........≈.≈..#
#..........#≈.≈..#
##.....†#.## ....
##.....### .


You could see Edmund.

Vanquished Creatures
  A gnoll sergeant (D:3)
  A hound (D:4)
  An orc priest (D:3)
  Jessica (D:3)
  Terence (D:2)
  An orc wizard (D:3)
  21 gnolls (D:3)
  3 dart slugs
  18 orcs (D:3)
  5 endoplasms
  3 giant cockroaches
  6 goblins
  6 hobgoblins
  14 jackals (D:3)
  4 quokkas
  10 ball pythons
  11 bats
  5 frilled lizards
  10 kobolds
  8 rats
130 creatures vanquished.

Vanquished Creatures (collateral kills)
  8 foxfires
8 creatures vanquished.

Vanquished Creatures (others)
  629 foxfires
629 creatures vanquished.

Grand Total: 767 creatures vanquished

Notes
Turn   | Place    | Note
-------+----------+-------------------------------------------
     0 | D:1      | Faragor the Deep Elf Fire Elementalist began the quest for
                  | the Orb.
     0 | D:1      | Reached XP level 1. HP: 10/10 MP: 6/6
    85 | D:1      | Found Zisoyrir's One-of-a-Kind Rings.
   237 | D:1      | Found Paymuogg's Jewellery Shoppe.
   498 | D:1      | Reached XP level 2. HP: 11/15 MP: 0/8
  1424 | D:1      | Reached XP level 3. HP: 19/19 MP: 0/9
  2416 | D:2      | Learned a level 2 spell: Scorch
  2420 | D:2      | Learned a level 3 spell: Volatile Blastmotes
  3010 | D:2      | Noticed Terence
  3021 | D:2      | Killed Terence
  3022 | D:2      | Reached XP level 4. HP: 7/24 MP: 6/11
  4201 | D:3      | Reached skill level 4 in Spellcasting
  5556 | D:3      | Noticed Jessica
  5561 | D:3      | Killed Jessica
  5562 | D:3      | Reached XP level 5. HP: 28/28 MP: 7/13
  6181 | D:3      | Found a shimmering altar of Xom.
  6382 | D:3      | Found a faded altar of an unknown god.
  7112 | D:3      | Reached XP level 6. HP: 32/32 MP: 9/14
  7153 | D:3      | You fall into a shaft and drop 1 floor!
  7153 | D:4      | Found a bloodstained altar of Trog.
  7903 | D:3      | Identified the +1 robe of the Poles {-Tele +Inv rElec rN+}
  7903 | D:3      | Identified the ring of the Queen {rPois rF++ rCorr Dex-3
                  | Slay+5}
  8836 | D:3      | Reached skill level 5 in Spellcasting
  9559 | D:3      | Reached XP level 7. HP: 36/36 MP: 13/16
  9874 | D:4      | Noticed Edmund
  9897 | D:4      | Slain by Edmund

Illustrated notes

Levels and vault maps discovered:
D:1:      amcnicky_arrival_single_pillar, layout_basic, serial_shops, shop,
          minivault_26, interstate_on_off, nicolae_shop_unique_rings,
          dreamdust_princess_bridge, minmay_misc_feat_room, minmay_tetromino_t2
D:2:      layout_basic, minmay_tripent, uniq_terence
D:3:      lemuel_castle_with_subvaults [lemuel_castle_interior_carwin_1],
          layout_loops_ring, mainiacjoe_overflow_boulevard,
          hellmonk_ecumenical_altar_slurped_away, uniq_jessica
D:4:      layout_cave_pools, amcnicky_altar_gilded,
          chequers_temple_overflow_statue_of_worship,
          chequers_serial_rivers_micro_d, minmay_fractal_squares_5, uniq_edmund,
          uniq_crazy_yiuf_cottage, uniq_pikel

Skill      XL: |  1  2  3  4  5  6 |
---------------+-------------------+-----
Stealth        | 3 4 |  4.9
Dodging        | 3 4 |  4.6
Conjurations   | 2 3 |  3.7
Spellcasting   | 4 5 |  5.3
Fire Magic     | 4 |  4.9

Action                     |  1- 3 |  4- 6 |  7- 9 || total
---------------------------+-------+-------+-------++-------
  Melee: Short sword       |       |     9 |       ||     9
   Cast: Foxfire           |   129 |   237 |    17 ||   383
         Scorch            |     3 |     7 |     1 ||    11
         Volatile Blastmot |     1 |       |       ||     1
    Use: Scroll            |     5 |     1 |       ||     6
         Potion            |     3 |       |     1 ||     4
 Armour: Robe              |     1 |     5 |       ||     6
  Dodge: Dodged            |    14 |    15 |     6 ||    35

Table legend: (Time is in decaauts)
 A = Elapsed time spent in this place.
 B = Non-inter-level travel time spent in this place.
 C = Inter-level travel time spent in this place.
 D = Time resting spent in this place.
 E = Time spent auto-exploring this place.
 F = Levels seen in this place.
 G = Mean time per level.
                   A        B        C        D        E       F      G
               +--------+--------+--------+--------+--------+-----+--------+
         Total |   9898 |   9827 |     71 |   6591 |   2189 |   4 | 2474.5 |
       Dungeon |   9898 |   9827 |     71 |   6591 |   2189 |   4 | 2474.5 |
               +--------+--------+--------+--------+--------+-----+--------+

Top non-repeatable levels by time:
     D:3: 5858 daAuts
     D:2: 2040 daAuts
     D:1: 1928 daAuts
     D:4: 70 daAuts
